 Dungeon Crawl Stone Soup version 0.19.5 (webtiles) character file.

221 miragecloak the Changer (level 5, 0/33 HPs)
             Began as an Octopode Transmuter on Apr 26, 2017.
             Succumbed to an adder's poison
             ... on level 3 of the Dungeon.
             The game lasted 00:02:31 (2533 turns).

miragecloak the Changer (Octopode Transmuter)       Turns: 2533, Time: 00:02:32

Health: 0/33       AC:  2    Str:  9    XL:     5   Next: 98%
Magic:  6/8        EV: 20    Int: 16    God:
Gold:   69         SH:  0    Dex: 18    Spells: 2 memorised, 4 levels left

rFire  . . .     SeeInvis .       - Unarmed
rCold  . . .     Gourm    .     (shield currently unavailable)
rNeg   . . .     Faith    .     (helmet currently unavailable)
rPois  x         Spirit   .     (no amulet)
rElec  .         Reflect  .     (no ring)
rCorr  .         Harm     .     (no ring)
MR     .....                    (no ring)
Stlth  ++........               (no ring)
                                (no ring)
                                (no ring)
                                (no ring)
                                (no ring)

@: lethally poisoned (0 -> -2), spider-form
A: almost no armour, stealthy swim, (amphibious), 8 rings, (constrict 8),
(camouflage 0), (gelatinous body 0)
a: End Transformation


You were on level 3 of the Dungeon.
You were very hungry.
You were a venomous arachnid creature.
You visited 1 branch of the dungeon, and saw 3 of its levels.

You collected 69 gold pieces.

Inventory:

Missiles
 a - 19 arrows
Jewellery
 e - an uncursed amulet of guardian spirit
Scrolls
 g - 2 scrolls of identify {unknown}
 j - a scroll of teleportation {unknown}
 l - 3 scrolls of remove curse {unknown}
 o - a scroll of random uselessness {unknown}
Potions
 d - a potion of mutation {unknown}
 i - 2 potions of curing {unknown}
 k - a potion of agility {unknown}
 m - 2 potions of might {unknown}
Books
 b - a book of Changes

   Spells                             Type                      Level
   a - Beastly Appendage              Transmutation                1
   b - Sticks to Snakes               Transmutation                2
   c - Spider Form                    Transmutation/Poison         3
   d - Ice Form                       Ice/Transmutation            4
   e - Blade Hands                    Transmutation                5
Comestibles
 c - 2 bread rations
 f - 2 slices of pizza
 h - 2 meat rations


   Skills:
 - Level 1.0 Fighting
 - Level 2.0 Dodging
 + Level 3.1 Unarmed Combat
 - Level 2.0 Spellcasting
 - Level 4.4 Transmutations
 - Level 4.4 Poison Magic


You had 4 spell levels left.
You knew the following spells:

 Your Spells              Type           Power        Failure   Level  Hunger
a - Beastly Appendage     Tmut           ###...       14%         1    #......
b - Spider Form           Tmut/Pois      ###.......   28%         3    ###....


Dungeon Overview and Level Annotations

Branches:
Dungeon (3/15)

Altars:
Xom


Innate Abilities, Weirdness & Mutations

You cannot wear most types of armour.
You are very stealthy in the water. (Stealth+)
((You are amphibious.))
You can wear up to eight rings at the same time.
((You can use your tentacles to constrict eight enemies at once.))
((Your skin changes colour to match your surroundings (Stealth+).))
((Your rubbery body absorbs attacks. (AC +1, EV +1)))


Message History

An adder comes into view.
You barely miss the orc.
The orc is severely wounded.
You kill the orc!
You barely miss the orc. The orc completely misses you.
The adder hisses angrily.
You hit the orc.
The orc is poisoned.
The orc is moderately wounded.
The orc hits you with a falchion.
You closely miss the orc.
The orc is lightly wounded.
You feel sick.
You are too injured to fight recklessly!
You are too injured to fight recklessly!
The orc priest invokes the aid of Beogh against you.
Beogh smites you!
* * * LOW HITPOINT WARNING * * *
A worm comes into view.
The orc priest looks encouraged for a moment.
You die...

..#####..###..#######
........# ##.#
####..### #.### #
##.# #...# ##### # #
.# ###.####S.....
#### # ...###(..†oo#
<..# .......o#####
.............###.#
##.###.##... #s# .# .
#....# .. #....# #..
#....# #.# #.w..# .#
#..... ....### #####


You could see a worm and an orc.

Vanquished Creatures
  A black bear (D:3)
  5 adders
  3 worms (D:2)
  2 dart slugs (D:2)
  7 leopard geckos (D:1)
  An orc (D:3)
  2 giant cockroaches
  5 goblins
  7 hobgoblins
  4 jackals (D:2)
  A ball python (D:2)
  6 bats
  5 frilled lizards
  6 kobolds
  9 rats
64 creatures vanquished.

Notes
Turn   | Place    | Note
-------+----------+-------------------------------------------
     0 | D:1      | miragecloak the Octopode Transmuter began the quest for the Orb.
     0 | D:1      | Reached XP level 1. HP: 13/13 MP: 3/3
    95 | D:1      | Reached XP level 2. HP: 18/18 MP: 3/5
   796 | D:1      | Reached XP level 3. HP: 12/23 MP: 4/6
  1366 | D:2      | Reached XP level 4. HP: 25/28 MP: 5/7
  1590 | D:2      | Learned a level 3 spell: Spider Form
  1714 | D:2      | Reached skill level 1 in Poison Magic
  2155 | D:2      | Found a shimmering altar of Xom.
  2309 | D:3      | Noticed a black bear
  2317 | D:3      | Killed a black bear
  2317 | D:3      | Reached XP level 5. HP: 16/33 MP: 8/8
  2530 | D:3      | HP: 1/33 [orc priest/divine providence (8)]
  2533 | D:3      | Succumbed to an adder's poison

Skill      XL: |  1  2  3  4 |
---------------+-------------+-----
Transmutations | 3 4 |  4.4
Poison Magic   | 4 |  4.4
Fighting       | |  1.0
Dodging        | |  2.0
Unarmed Combat | |  3.1
Spellcasting   | |  2.0

Action                   |  1- 3 |  4- 6 || total
-------------------------+-------+-------++-------
Melee: Unarmed           |    69 |    82 ||   151
       Constrict         |    23 |    12 ||    35
       Kick              |    11 |     3 ||    14
       Tentacles         |     7 |     6 ||    13
       Punch             |     1 |       ||     1
 Cast: Beastly Appendage |    20 |     6 ||    26
       Spider Form       |       |    10 ||    10
 Stab: Sleeping          |     5 |     2 ||     7
       Distracted        |       |     1 ||     1
  Eat: Chunk             |     2 |     4 ||     6
Armor: Skin              |     5 |     2 ||     7
Dodge: Dodged            |    34 |    47 ||    81
